 Dungeon Crawl Stone Soup version 0.20.0-15-g7f486f2 (webtiles) character file.

183107 asdfasdf the Unseen (level 17, -2/90 HPs)
             Began as a Spriggan Enchanter on July 1, 2017.
             Was an Initiate of Gozag.
             Slain by a halberd of flaming (4 damage)
             ... on level 1 of the Elven Halls on July 2, 2017.
             The game lasted 04:23:32 (58406 turns).

asdfasdf the Unseen (Spriggan Enchanter)           Turns: 58406, Time: 04:23:38

Health: -2/90      AC:  4    Str:  4    XL:     17   Next: 36%
Magic:  28/37      EV: 35    Int: 23    God:    Gozag
Gold:   8350       SH:  0    Dex: 17    Spells: 15/47 levels left

rFire    + . .     SeeInvis +   l - +6 dagger (freeze)
rCold    + + .     Gourm    .   (shield restricted)
rNeg     . . .     Faith    .   R - +2 robe {rC+}
rPois    +         Spirit   .   (helmet restricted)
rElec    .         Reflect  .   b - scarf {rC+ rF+}
rCorr    .         Harm     .   (gloves unavailable)
MR       ++...                  (boots unavailable)
Stlth    +++++++...             (no amulet)
Regen    0.3/turn               g - +3 ring of evasion
MPRegen  0.3/turn               N - ring of poison resistance

@: very slightly contaminated, invisible, very quick
A: unfitting armour, see invisible, herbivore 3, speed 3, slow metabolism 2
}: 1/15 runes: gossamer
a: Potion Petition, Call Merchant, Bribe Branch, Renounce Religion


You were on level 1 of the Elven Halls.
You worshipped Gozag.
Gozag was greatly pleased with you.
You were not hungry.

You visited 6 branches of the dungeon, and saw 26 of its levels.
You also visited: Labyrinth.

You collected 9056 gold pieces.
You spent 583 gold pieces at shops.
You paid 123 gold pieces to Gozag.

Inventory:

Hand Weapons
 l - a +6 dagger of freezing (weapon)
 C - the +0 arbalest "Tirarri" {elec, Str+5 Dex-5}
   (You found it on level 8 of the Dungeon)

   It charges the ammunition it shoots with electricity; occasionally upon a
   hit, such missiles may discharge and cause terrible harm.
   It affects your strength (+5).
   It affects your dexterity (-5).
 Q - a +0 blowgun
Missiles
 h - 147 bolts
 u - 8 curare-tipped needles
 B - 17 poisoned needles
Armour
 b - a scarf of resistance (worn)
 R - a +2 robe of cold resistance (worn)
Magical Staves
 K - an uncursed staff of air
Jewellery
 c - an uncursed ring of protection from magic
 g - a +3 ring of evasion (left hand)
 L - an uncursed ring of ice
 N - a ring of poison resistance (right hand)
Wands
 k - a wand of lightning (1/15)
 m - a wand of acid (7/15)
 v - a wand of digging (18/24)
 G - a wand of polymorph (20/24)
Scrolls
 e - 4 scrolls of identify
 i - 5 scrolls of remove curse
 o - a scroll of recharging
 p - 7 scrolls of teleportation
 A - a scroll of summoning
 E - 5 scrolls of magic mapping
 J - 7 scrolls of blinking
 S - a scroll of fog
Potions
 f - a potion of might
 j - 5 potions of curing
 n - a potion of cancellation
 t - 6 potions of heal wounds
 z - 6 potions of agility
 D - a potion of invisibility
 I - 2 potions of haste
 W - 2 potions of magic
Books
 a - the Almanac of Summoning
   (You found it on level 1 of the Elven Halls)

   Spells                             Type                      Level
   a - Summon Butterflies             Summoning                    1
   b - Summon Small Mammal            Summoning                    1
   c - Spellforged Servitor           Conjuration/Summoning        7
   d - Summon Hydra                   Summoning                    7
Miscellaneous
 s - a lamp of fire
 x - a fan of gales
 y - a crystal ball of energy
Comestibles
 d - 7 bread rations


   Skills:
 - Level 10.3 Fighting
 - Level 10.0 Short Blades
 - Level 16.3 Dodging
 - Level 18.1 Stealth
   Level 6.3 Shields
 - Level 15.7 Spellcasting
 - Level 10.0 Conjurations
 - Level 9.0 Hexes
 + Level 10.1 Charms
 - Level 3.0 Translocations
 + Level 4.2 Air Magic


You had 15 spell levels left.
You knew the following spells:

 Your Spells              Type           Power        Failure   Level  Hunger
a - Confuse               Hex            ######..     1%          3    None
b - Dazzling Spray        Conj/Hex       ######       1%          3    None
c - Tukima's Dance        Hex            ######..     1%          3    None
d - Fulminant Prism       Conj/Hex       ######....   1%          4    None
e - Iskenderun's Mystic   Conj           ######..     1%          4    None
f - Force Lance           Conj/Tloc      #####...     2%          4    None
g - Blink                 Tloc           N/A          1%          2    None
h - Mephitic Cloud        Conj/Pois/Air  #####...     1%          3    None
i - Deflect Missiles      Chrm/Air       ######....   24%         6    ####...


Dungeon Overview and Level Annotations

Branches:
Dungeon (12/15)            Temple (1/1) D:6            Lair (6/6) D:10
  Swamp (0/4) Lair:4       Spider (4/4) Lair:2        Slime (0/5) Lair:6
    Orc (2/2) D:10            Elf (1/3) Orc:2

Altars:
Ashenzari
Cheibriados
Dithmenos
Elyvilon
Fedhas
Gozag
Hepliaklqana
Kikubaaqudgha
Makhleb
Nemelex Xobeh
Okawaru
Qazlal
Ru
Sif Muna
Trog
Uskayaw
Vehumet
Xom
Yredelemnul
Zin
The Shining One
Beogh

Shops:
D:8 [*   Orc:2 (%[(   Elf:1 ?

Annotations:
D:9 Erica
D:11 Gastronok
Spider:1 exclusion: downstairs


Innate Abilities, Weirdness & Mutations

You are very small and have problems with some larger weapons.
You are too small for most types of armour.
You have supernaturally acute eyesight. (SInv)
You are a herbivore.
You cover ground extremely quickly.
You need consume almost no food.


Message History

The blast of energy engulfs the halberd of flaming.
The halberd of flaming is severely damaged.
The blast of energy engulfs the deep elf archer.
The deep elf archer is heavily wounded.
You hear a shout! x2
Okay, then.
You fade into invisibility!
The deep elf archer casts a spell at you.
You resist with almost no effort.
The halberd of flaming completely misses you.
The deep elf knight is engulfed in noxious fumes.
The deep elf knight appears confused.
You are very lightly contaminated with residual magic.
You feel much better.
The deep elf archer is engulfed in noxious fumes.
The halberd of flaming hits you from afar!!
* * * LOW HITPOINT WARNING * * *
The halberd of flaming burns you.
You die...
Your body crumbles into a pile of gold.

.
#.####[.####.##.###.........##
#.####..####.##.# #.........#
#..##...)##e.##.# ##.......##
##.....)..[.###§###+.....>.#
##..).....#e§.e##.#########
##......##§.e§e'##
##....##....(..##
##..##.........#
#####...@.....# #.........#
##...(...## ##.....## ##...##
#####


You could see 2 deep elf archers, a deep elf knight (confused), 2 deep elf magi
and a halberd of flaming.

Vanquished Creatures
  Saint Roka (Orc:2)
  Rupert (Lair:2)
  Kirke (Lair:2)
  The ghost of Vizrt the Fighter, an adept DgFE (Spider:2)
  3 ghost moths
  A deep elf sorcerer (Elf:1)
  9 emperor scorpions
  2 entropy weavers
  2 deep elf demonologists (Elf:1)
  2 spark wasps (Spider:1)
  A minotaur (Lab)
  Fannar (D:11)
  13 hydras
  Erolcha (Orc:1)
  A death knight (D:10)
  2 catoblepae (Lair:6)
  3 two-headed ogres
  Urug (Orc:1)
  2 deep elf knights (Elf:1)
  Nergalle (D:12)
  Sonja (D:10)
  A fire crab (Lair:2)
  3 skeletal warriors (D:11)
  An entropy weaver zombie (Spider:2)
  2 unseen horrors
  9 orc knights
  2 wolf spider zombies (Spider:2)
  A lindwurm (Lair:5)
  14 orb spiders
  7 deep elf magi (Elf:1)
  40 wolf spiders
  A moth of wrath (Spider:4)
  A manticore (D:11)
  An orc sorcerer (Orc:2)
  A cyclops (D:11)
  4 elephants (Lair:2)
  Maurice (Orc:2)
  Psyche (D:10)
  3 black mambas
  A torpor snail (Spider:2)
  9 spiny frogs
  4 rime drakes
  2 freezing wraiths (D:10)
  3 redback zombies (Spider:2)
  29 demonic crawlers
  8 komodo dragons
  37 jumping spiders
  5 trolls
  3 meliai (Spider:4)
  3 polar bears (Lair:6)
  16 hornets
  A slime creature (Lair:6)
  11 blink frogs
  2 moth of wrath zombies (Spider:2)
  10 hippogriffs
  4 tarantella zombies (Spider:2)
  7 dream sheep (Lair:5)
  A jumping spider zombie (Spider:2)
  The ghost of Gonk the Insei, an amateur OpTm (D:4)
  26 spriggans
  3 wyverns
  23 tarantellas
  118 redbacks
  46 yaks
  2 basilisks
  2 wraiths
  2 hungry ghosts
  2 steam dragons
  7 vampire mosquitoes
  6 swamp worms (Lair:4)
  3 small abominations (Spider:2)
  8 wargs
  3 orb spider zombies (Spider:2)
  37 orc warriors
  12 water moccasins
  6 soldier ants
  8 black bears
  13 porcupines
  A sky beast (D:10)
  2 ice beasts
  4 ogres
  35 wolves
  2 phantoms
  A hornet zombie (D:9)
  4 boggarts (Lair:6)
  9 crocodiles
  9 centaurs
  14 bullfrogs
  An earth elemental (Elf:1)
  7 scorpions
  12 killer bees
  An electric eel (Lair:4)
  10 wights
  3 howler monkeys (D:7)
  6 crimson imps
  2 centaur zombies
  13 hounds
  6 jellies
  3 bullfrog skeletons
  16 orc priests
  13 orc wizards
  Ijyb (D:3)
  3 centaur skeletons
  Jessica (D:2)
  2 iguanas (D:9)
  25 worker ants
  4 hound zombies
  A hound skeleton (D:4)
  Robin (D:2)
  2 worker ant zombies
  A howler monkey skeleton (D:10)
  13 adders
  4 shadow imps
  3 oozes
  An adder skeleton (D:8)
  4 worms
  3 dart slugs
  9 leopard geckos
  89 orcs
  4 giant cockroaches
  14 goblins
  18 hobgoblins
  11 jackals
  4 quokkas
  A ball python (D:3)
  8 bats
  4 frilled lizards
  A jackal zombie (D:5)
  10 kobolds
  4 rats
  9 crawling corpses (Spider:2)
  3 fulminant prisms
  A fungus (Lair:3)
1060 creatures vanquished.

Vanquished Creatures (collateral kills)
  2 jumping spiders (Spider:4)
  A redback (Spider:4)
  An orc warrior (D:9)
  An ogre (D:6)
  5 orcs
  A jackal (D:3)
  A kobold (D:3)
12 creatures vanquished.

Vanquished Creatures (others)
  An orb spider (Spider:2)
  A wizard (D:7)
  8 dancing weapons
  6 humans (Spider:1)
  2 bushes (Lair:6)
  221 fulminant prisms
  13 fungi
  9 plants
261 creatures vanquished.

Grand Total: 1333 creatures vanquished

Notes
Turn   | Place    | Note
-------+----------+-------------------------------------------
     0 | D:1      | asdfasdf the Spriggan Enchanter began the quest for the Orb.
     0 | D:1      | Reached XP level 1. HP: 9/9 MP: 5/5
   232 | D:1      | Reached XP level 2. HP: 13/13 MP: 6/6
  1487 | D:1      | Reached XP level 3. HP: 14/16 MP: 8/8
  1492 | D:1      | Learned a level 3 spell: Confuse
  1660 | D:1      | Reached skill level 5 in Stealth
  2277 | D:2      | Noticed Jessica
  2287 | D:2      | Noticed Robin
  2914 | D:2      | Killed Robin
  2923 | D:2      | Reached XP level 4. HP: 21/21 MP: 3/9
  3854 | D:2      | Killed Jessica
  3959 | D:2      | Learned a level 3 spell: Tukima's Dance
  3963 | D:2      | Learned a level 3 spell: Dazzling Spray
  4158 | D:3      | Reached XP level 5. HP: 24/25 MP: 7/11
  4248 | D:3      | Found a snail-covered altar of Cheibriados.
  4253 | D:3      | Reached skill level 6 in Stealth
  4339 | D:3      | Found a burning altar of Makhleb.
  4339 | D:3      | Found a blossoming altar of Fedhas.
  5451 | D:4      | Reached XP level 6. HP: 23/29 MP: 10/12
  5676 | D:4      | Noticed Ijyb
  5932 | D:3      | Reached skill level 5 in Dodging
  5932 | D:3      | Reached skill level 5 in Hexes
  6060 | D:3      | Killed Ijyb
  6278 | D:4      | Noticed Gonk's ghost (amateur OpTm)
  6308 | D:4      | Killed Gonk's ghost
  6308 | D:4      | Reached skill level 7 in Stealth
  6308 | D:4      | Reached XP level 7. HP: 29/32 MP: 3/14
  6854 | D:4      | Found a glowing silver altar of Zin.
  6904 | D:4      | Got a crude spear
  7918 | D:5      | Entered Level 5 of the Dungeon
  8001 | D:5      | Reached skill level 8 in Stealth
  8001 | D:5      | Reached skill level 5 in Spellcasting
  8451 | D:4      | Reached XP level 8. HP: 25/37 MP: 14/16
  9690 | D:6      | Reached skill level 5 in Short Blades
  9735 | D:6      | Found a staircase to the Ecumenical Temple.
  9750 | Temple   | Entered the Ecumenical Temple
 10013 | Temple   | Learned a level 4 spell: Fulminant Prism
 10831 | D:6      | Reached skill level 9 in Stealth
 11386 | D:6      | Reached XP level 9. HP: 34/40 MP: 19/19
 11492 | D:6      | Found a sparkling altar of Nemelex Xobeh.
 11701 | D:7      | Got a faintly glowing scarf
 11724 | D:7      | Found a bloodstained altar of Trog.
 11725 | D:7      | Noticed a wizard
 11730 | D:7      | Killed a wizard
 11759 | D:7      | Found a hide-covered altar of Uskayaw.
 11803 | D:7      | Identified the scarf of Feoza {Int+3 SInv} (You found it on level 7 of the Dungeon)
 11803 | D:7      | Identified the +7 spear of the Ass {pierce, rF- rN+ Str+6 Stlth+} (You found it on level 4 of the Dungeon)
 12327 | D:8      | Found Gozag's Platinum Reserve.
 12340 | D:8      | Found an opulent altar of Gozag.
 12342 | D:8      | Noticed a two-headed ogre
 12427 | D:8      | Killed a two-headed ogre
 12427 | D:8      | Reached skill level 10 in Stealth
 12427 | D:8      | Reached skill level 1 in Conjurations
 12786 | D:8      | Found Daashrem's Armour Shop.
 12797 | D:8      | Became a worshipper of Gozag Ym Sagoz the Greedy
 12977 | D:8      | Got a bone arbalest
 13016 | D:8      | Identified the cursed +0 arbalest "Tirarri" {elec, Str+5 Dex-5} (You found it on level 8 of the Dungeon)
 13157 | D:8      | Reached XP level 10. HP: 44/44 MP: 21/21
 13556 | D:8      | Reached skill level 11 in Stealth
 14038 | D:9      | Reached skill level 10 in Dodging
 14471 | D:9      | Noticed Erica
 14840 | D:9      | Noticed an unseen horror
 14858 | D:9      | Killed an unseen horror
 15619 | D:10     | Entered Level 10 of the Dungeon
 15654 | D:10     | Noticed an unseen horror
 15676 | D:10     | Killed an unseen horror
 15741 | D:10     | Reached skill level 1 in Fighting
 15932 | D:10     | Noticed Psyche
 15945 | D:10     | Killed Psyche
 16022 | D:10     | Learned a level 4 spell: Iskenderun's Mystic Blast
 16147 | D:10     | Found a staircase to the Lair.
 16166 | D:10     | Noticed Sonja
 16189 | D:10     | Noticed a death knight
 16494 | D:10     | Reached XP level 11. HP: 50/50 MP: 8/25
 16705 | D:10     | Found a staircase to the Orcish Mines.
 16813 | D:10     | Killed Sonja
 17368 | D:10     | Killed a death knight
 17368 | D:10     | Reached skill level 12 in Stealth
 17386 | D:10     | HP: 2/51 [freezing wraith[a death knight] (22)]
 17796 | Lair:1   | Entered Level 1 of the Lair of Beasts
 17888 | Lair:1   | Found a sparkling altar of Nemelex Xobeh.
 18513 | Lair:1   | Reached skill level 5 in Conjurations
 18929 | Lair:1   | Reached skill level 10 in Spellcasting
 19632 | Lair:2   | Found a shattered altar of Ashenzari.
 19901 | Lair:1   | Reached skill level 13 in Stealth
 20196 | Lair:2   | Noticed a four-headed hydra
 20202 | Lair:2   | Killed a four-headed hydra
 20202 | Lair:2   | Reached XP level 12. HP: 57/57 MP: 27/27
 20288 | Lair:2   | Noticed an eight-headed hydra
 20298 | Lair:2   | Killed an eight-headed hydra
 20584 | Lair:2   | Found a hole to the Spider Nest.
 21462 | Lair:2   | Learned a level 4 spell: Force Lance
 21804 | Lair:3   | Noticed a six-headed hydra
 21819 | Lair:3   | Killed a six-headed hydra
 21819 | Lair:3   | Reached skill level 10 in Short Blades
 22549 | Lair:4   | Reached skill level 5 in Fighting
 22562 | Lair:4   | Found a labyrinth entrance.
 22603 | Lair:4   | Reached skill level 14 in Stealth
 22655 | Lab      | Entered a labyrinth
 23178 | Lab      | Noticed a minotaur
 23191 | Lab      | Killed a minotaur
 23674 | Lair:4   | Noticed a seven-headed hydra
 23689 | Lair:4   | Noticed a four-headed hydra
 23709 | Lair:4   | Killed a four-headed hydra
 23722 | Lair:4   | Killed a seven-headed hydra
 23782 | Lair:4   | Reached XP level 13. HP: 64/64 MP: 25/29
 24240 | Lair:4   | Found a staircase to the Swamp.
 25080 | Lair:5   | Learned a level 2 spell: Blink
 25084 | Lair:5   | Learned a level 3 spell: Mephitic Cloud
 25113 | Lair:5   | Reached skill level 1 in Translocations
 25229 | Lair:5   | Got a fine buckler
 25230 | Lair:5   | Identified the +1 buckler of the Ecumenical Temple {Str+2} (You found it on level 5 of the Lair of Beasts)
 25621 | Lair:5   | Reached skill level 1 in Shields
 26498 | Lair:6   | Entered Level 6 of the Lair of Beasts
 26525 | Lair:6   | Reached skill level 15 in Stealth
 26645 | Lair:6   | Found a basalt altar of Yredelemnul.
 28164 | Lair:6   | Found a staircase to the Slime Pits.
 29138 | Lair:6   | Reached XP level 14. HP: 70/70 MP: 28/31
 30154 | Orc:1    | Entered Level 1 of the Orcish Mines
 30154 | Orc:1    | Noticed Urug
 30195 | Orc:1    | Killed Urug
 30331 | Orc:2    | Entered Level 2 of the Orcish Mines
 30336 | Orc:2    | Noticed Maurice
 30368 | Orc:2    | Killed Maurice
 30595 | Orc:2    | Found a staircase to the Elven Halls.
 30700 | Orc:1    | Found a roughly hewn altar of Beogh.
 31052 | Orc:1    | Noticed Erolcha
 31053 | Orc:1    | Killed Erolcha
 31620 | Orc:2    | Noticed Saint Roka
 31747 | Orc:2    | Reached skill level 16 in Stealth
 32152 | Orc:2    | Killed Saint Roka
 33694 | Orc:2    | Found a roughly hewn altar of Beogh.
 33779 | Orc:2    | Found Tuzivafi's Antique Weapon Boutique.
 33779 | Orc:2    | Found Adaej's Food Emporium.
 33828 | Orc:2    | Found Izupnako's Armour Boutique.
 33828 | Orc:2    | Found Deroyklym's Antique Weapon Emporium.
 33900 | Orc:2    | Bought an iridescent long sword for 246 gold pieces
 33900 | Orc:2    | Bought a fine shortbow for 232 gold pieces
 34285 | D:9      | Identified the cursed +0 long sword of the Owl {protect, Int+2} (You bought it in a shop on level 2 of the Orcish Mines)
 34288 | D:9      | Identified the +5 shortbow of Duost {velocity, rElec rC- Str+3} (You bought it in a shop on level 2 of the Orcish Mines)
 34740 | D:11     | Noticed Fannar
 35317 | D:11     | Noticed Gastronok
 36305 | D:11     | Killed Fannar
 36305 | D:11     | Reached skill level 15 in Dodging
 37764 | D:12     | Reached XP level 15. HP: 77/77 MP: 33/33
 37778 | D:12     | Noticed Nergalle
 37789 | D:12     | Killed Nergalle
 38100 | Spider:1 | Entered Level 1 of the Spider Nest
 39140 | Spider:1 | Noticed Rupert
 39476 | Lair:2   | Killed Rupert
 39476 | Lair:2   | Reached skill level 17 in Stealth
 39476 | Lair:2   | Reached skill level 5 in Shields
 40871 | Spider:1 | Noticed Kirke
 40897 | Spider:1 | Noticed a sphinx
 41096 | Lair:2   | Killed Kirke
 42398 | Spider:2 | Noticed Vizrt's ghost (adept DgFE)
 42512 | Spider:2 | Noticed a ghost moth
 43495 | Spider:1 | Killed a ghost moth
 44030 | Spider:2 | Learned a level 6 spell: Deflect Missiles
 44132 | Spider:2 | Got a scorched trident
 45949 | Spider:2 | Reached XP level 16. HP: 84/84 MP: 3/35
 46104 | Spider:2 | Reached skill level 1 in Charms
 46453 | Spider:2 | Reached skill level 18 in Stealth
 48697 | Lair:2   | Identified the cursed +2 trident "Buavel" {venom, Dex+4} (You found it on level 2 of the Spider Nest)
 48937 | Spider:2 | Killed Vizrt's ghost
 50579 | Spider:3 | Reached skill level 5 in Charms
 50770 | Spider:1 | HP: 4/84 [poisoned by a wolf spider]
 50775 | Spider:1 | HP: 3/84 [poisoned by a wolf spider]
 50782 | Spider:1 | HP: 2/84 [poisoned by a wolf spider]
 50787 | Spider:1 | HP: 2/84 [poisoned by a wolf spider]
 50792 | Spider:1 | HP: 2/84 [poisoned by a wolf spider]
 50800 | Spider:1 | HP: 2/84 [poisoned by a wolf spider]
 51587 | Spider:3 | Reached skill level 15 in Spellcasting
 52134 | Spider:4 | Entered Level 4 of the Spider Nest
 53862 | Spider:4 | Reached skill level 10 in Fighting
 53862 | Spider:4 | Reached skill level 1 in Air Magic
 55054 | Spider:4 | Reached XP level 17. HP: 89/89 MP: 27/37
 56211 | Spider:4 | Got a gossamer rune of Zot
 56850 | Spider:4 | Reached skill level 10 in Conjurations
 57264 | Elf:1    | Entered Level 1 of the Elven Halls
 57441 | Elf:1    | Identified the Almanac of Summoning
 57570 | Elf:1    | Found Usyoklia's Magic Scroll Shoppe.
 57586 | Elf:1    | Bought a scroll of blinking for 105 gold pieces
 57708 | Elf:1    | Reached skill level 10 in Charms
 58406 | Elf:1    | HP: 2/90 [halberd of flaming (22)]
 58406 | Elf:1    | Slain by a halberd of flaming

Skill      XL: |  1  2  3  4  5  6  7  8  9 10 11 12 13 14 15 16 17 |
---------------+----------------------------------------------------+-----
Spellcasting   | 3 4 5 6 7 9 10 11 12 13 14 15 | 15.7
Hexes          | 4 5 6 7 8 9 |  9.0
Stealth        | 5 6 7 8 9 10 11 13 14 15 16 17 18 | 18.1
Dodging        | 4 5 6 8 9 10 11 12 14 15 16 | 16.3
Short Blades   | 2 3 4 5 6 7 9 10 | 10.0
Conjurations   | 2 4 5 6 7 8 9 10 | 10.0
Fighting       | 1 3 5 6 8 9 10 | 10.3
Translocations | 3 |  3.0
Shields        | 2 4 6 |  6.3
Charms         | 7 10 | 10.1
Air Magic      | 2 4 |  4.2

Action                   |  1- 3 |  4- 6 |  7- 9 | 10-12 | 13-15 | 16-18 || total
-------------------------+-------+-------+-------+-------+-------+-------++-------
Melee: Dagger            |   146 |   247 |   442 |   406 |  1151 |   646 ||  3038
       Arbalest          |       |       |       |     3 |       |       ||     3
       Staff             |       |       |       |       |     9 |       ||     9
 Fire: Arbalest          |       |       |     2 |    21 |     6 |     8 ||    37
       Blowgun           |       |       |       |       |     1 |       ||     1
 Cast: Corona            |     9 |       |       |       |       |       ||     9
       Confuse           |     3 |    20 |    63 |   133 |   459 |   288 ||   966
       Tukima's Dance    |       |     3 |    13 |    10 |     7 |     1 ||    34
       Dazzling Spray    |       |       |     1 |    48 |    59 |    45 ||   153
       Fulminant Prism   |       |       |     3 |    41 |   102 |    78 ||   224
       Blink             |       |       |       |       |    14 |     2 ||    16
       Mephitic Cloud    |       |       |       |       |    37 |    12 ||    49
       Force Lance       |       |       |       |       |    31 |       ||    31
       Iskenderun's Myst |       |       |       |       |     5 |     6 ||    11
Evoke: Wand              |       |       |     1 |     1 |       |     5 ||     7
       Lamp of fire      |       |       |       |       |       |     1 ||     1
  Use: Scroll            |     6 |     5 |     7 |     9 |    13 |     4 ||    44
       Potion            |     2 |       |       |     1 |     3 |     2 ||     8
 Stab: Sleeping          |     3 |     5 |    15 |    17 |    18 |     9 ||    67
       Confused          |     1 |     6 |    26 |    61 |   238 |   164 ||   496
       Distracted        |       |     2 |     1 |     4 |     6 |     7 ||    20
       Invisible         |       |       |       |     2 |    31 |    15 ||    48
       Held in net/web   |       |       |       |       |       |     4 ||     4
  Eat: Royal jelly       |       |     2 |     2 |     2 |     3 |     1 ||    10
       Fruit             |       |     1 |     1 |     2 |     3 |       ||     7
       Bread ration      |       |       |     1 |     1 |     2 |     2 ||     6
Armor: Robe              |    33 |     8 |    16 |     2 |    21 |    11 ||    91
Dodge: Dodged            |   172 |   179 |   346 |   259 |   851 |   481 ||  2288
